 Dungeon Crawl Stone Soup version 0.17-a0-1572-g7a1422d (webtiles) character file.

35 karlkraus the Skirmisher (level 3, 0/31 HPs)
             Began as a Centaur Fighter on July 24, 2015.
             Succumbed to an adder's poison
             ... on level 2 of the Dungeon.
             The game lasted 00:02:15 (584 turns).

karlkraus the Skirmisher (Centaur Fighter)           Turns: 584, Time: 00:02:16

Health: 0/31       AC:  6    Str: 19    XL:     3   Next: 17%
Magic:  3/3        EV:  5    Int:  7    God:
Gold:   63         SH:  8    Dex:  8    Spells: 0 memorised, 2 levels left

rFire  . . .     SeeInvis .     a - +0 trident
rCold  . . .     Clarity  .     b - +0 scale mail
rNeg   . . .     SustAt   .     c - +0 shield
rPois  .         Gourm    .     (no helmet)
rElec  .         Spirit   .     (no cloak)
rCorr  .         Warding  .     (no gloves)
rMut   .         Stasis   .     (no barding)
MR     .....                    (no amulet)
Stlth  ..........               (no ring)
                                (no ring)

@: lethally poisoned (0 -> -2), very quick, not resistant to hostile
enchantments, extremely unstealthy
A: hooves 3, deformed body, speed 2, tough skin 3
a: no special abilities


You were on level 2 of the Dungeon.
You were not hungry.

You visited 1 branch of the dungeon, and saw 2 of its levels.

You collected 63 gold pieces.

Inventory:

Hand weapons
 a - a +0 trident (weapon)
Missiles
 h - 18 poisoned needles
Armour
 b - a +0 scale mail (worn)
 c - a +0 shield (worn)
 l - a +0 chain mail
Jewellery
 q - an uncursed ring of ice {unknown}
Scrolls
 j - a scroll of immolation {unknown}
 k - a scroll of noise {unknown}
 o - 2 scrolls of remove curse {unknown}
 p - a scroll of fog {unknown}
 s - a scroll of enchant weapon {unknown}
Potions
 d - 2 potions of might
Comestibles
 e - a bread ration
 f - 2 fruits
 i - 2 beef jerkies
 t - a meat ration


   Skills:
 + Level 3.2 Fighting
 + Level 1.8 Polearms
 + Level 2.5 Armour
 + Level 0.7 Dodging
 + Level 2.4 Shields


You had 2 spell levels left.
You didn't know any spells.

Dungeon Overview and Level Annotations

Branches:
Dungeon (2/15)

Altars:


Innate Abilities, Weirdness & Mutations

You have hooves in place of feet.
Armour fits poorly on your strangely shaped body.
You cover ground very quickly.
You have extremely tough skin (AC +3).


Message History

The adder bites you.
* * * LOW HITPOINT WARNING * * *
You are poisoned.
The adder poisons you!
You miss the adder.
The adder is heavily wounded.
You feel sick. You block the adder's attack. The adder barely misses you.
You hit the adder.
The adder is almost dead.
The adder bites you.
* * * LOW HITPOINT WARNING * * *
The adder bites you but does no damage.
You puncture the adder!
You kill the adder!
You have reached level 3!
Your experience leads to an increase in your attributes!
Increase (S)trength, (I)ntelligence, or (D)exterity?
You feel stronger.
There is a lethal amount of poison in your body!
You die...

#....+.....+.'.........
#.#.##.....###...........#
#.#.##.....#.'...........+
#.#.##.....#.#...........#
#.#.# ##.#.#...........#
#.#.# #.#.#...........#
#.#.# #.#.#...........#
#.#.#
####.#+#...........### #.#
#.........@...........
#.###.#......###..........
###.....#......#
#..........
...............#
#..........
...............#
#..%.......
#..............#
#..........
........########
#.......... #.#####.#
#.......... #.#...#.#
#..........


There were no monsters in sight!

Vanquished Creatures
  An adder (D:2)
  6 bats
  2 giant cockroaches (D:1)
  3 goblins (D:1)
  3 hobgoblins (D:1)
  A giant newt (D:1)
  3 kobolds (D:1)
  7 rats
26 creatures vanquished.

Notes
Turn   | Place    | Note
--------------------------------------------------------------
     0 | D:1      | karlkraus the Centaur Fighter began the quest for the Orb.
     0 | D:1      | Reached XP level 1. HP: 19/19 MP: 1/1
   113 | D:1      | Reached XP level 2. HP: 23/26 MP: 2/2
   577 | D:2      | Gained mutation: You tend to lose your temper in combat. [potion of mutation]
   577 | D:2      | Gained mutation: Your muscles are strong. (Str +2) [potion of mutation]
   577 | D:2      | Gained mutation: You are frail (-10% HP). [potion of mutation]
   578 | D:2      | Lost mutation: You tend to lose your temper in combat. [potion of cure mutation]
   578 | D:2      | Lost mutation: You are frail (-10% HP). [potion of cure mutation]
   578 | D:2      | Lost mutation: Your muscles are strong. (Str +2) [potion of cure mutation]
   578 | D:2      | HP: 1/26 [poisoned by an adder]
   583 | D:2      | Reached XP level 3. HP: 1/31 MP: 3/3
   584 | D:2      | Succumbed to an adder's poison

Vault maps used:
D:1:      dpeg_arrival_orchard, st_stairs_14
D:2:      nicolae_overflow_hidden_temple, first_bread

Action                   || total
-------------------------++-------
Melee: Trident           ||    98
  Use: Potion            ||     3
